 Seeded DCSS version 0.28.0-45-g0d030f2227 (webtiles) character file.

Game seed: 12438630275245706108 (custom seed)

3630 oldmanjim the Martial Artist (level 10, -2/78 HPs)
             Began as an Octopode Transmuter on Apr 18, 2022.
             Was an Initiate of Gozag.
             Slain by a killer bee (7 damage)
             ... on level 8 of the Dungeon on Apr 23, 2022.
             The game lasted 01:10:40 (11373 turns).

oldmanjim the Martial Artist (Octopode Transmuter) Turns: 11373, Time: 01:10:43

Health: -2/78      AC:  8    Str: 10    XL:     10   Next: 11%
Magic:  22/26      EV: 10    Int: 20    God:    Gozag
Gold:   264        SH:  0    Dex: 12    Spells: 9/19 levels left

rFire   x . .      SeeInvis .     - Unarmed
rCold   + + +      Faith    .   (shield currently unavailable)
rNeg    + . .      Spirit   .   (helmet currently unavailable)
rPois   +          Reflect  .   x - amulet of the acrobat
rElec   .          Harm     .   a - ring of magical power
rCorr   .          Rampage  .   e - +4 ring of slaying
Will    .....                   D - ring of positive energy
Stlth   +++.......              (no ring)
HPRegen 0.23/turn               (no ring)
MPRegen 0.20/turn               (no ring)
                                (no ring)
                                (no ring)

@: lethally poisoned (-2 -> -9), ice-form
A: freezing attack, boosted hp, almost no armour, amphibious, 8 rings, large,
(camouflage 1), (gelatinous body 1), (nimble swimmer 1), (tentacles)
a: End Transformation, Renounce Religion, Potion Petition, Call Merchant, Bribe
Branch


You were on level 8 of the Dungeon.
You worshipped Gozag.
Gozag was aware of your devotion.
You were a creature of crystalline ice.
You visited 2 branches of the dungeon, and saw 10 of its levels.

You collected 602 gold pieces.
You spent 214 gold pieces at shops.
You paid 124 gold pieces to Gozag.

Inventory:

Missiles
 m - 224 stones
 y - a curare-tipped dart
 E - 6 poisoned darts
Armour
 v - a +0 kite shield
Jewellery
 a - a ring of magical power (left front paw)
 e - a +4 ring of slaying (right front paw)
 n - a ring of fire
 x - an amulet of the acrobat (around neck)
 D - a ring of positive energy (on tentacle)
 G - an amulet of regeneration
Wands
 r - a wand of polymorph (17)
 t - a wand of mindburst (11)
 C - a wand of digging (10)
Scrolls
 b - 2 scrolls of torment {unknown}
 c - a scroll of vulnerability {unknown}
 d - 2 scrolls of blinking {unknown}
 f - a scroll of enchant armour {unknown}
 h - a scroll of fog
 i - 2 scrolls of immolation
 l - a scroll of enchant weapon {unknown}
 o - 3 scrolls of amnesia {unknown}
 s - a scroll of magic mapping {unknown}
 w - 2 scrolls of fear
 B - a scroll of brand weapon {unknown}
 I - a scroll of noise {unknown}
Potions
 g - a potion of flight
 j - 3 potions of berserk rage
 k - a potion of curing
 p - 4 potions of haste
 q - a potion of ambrosia
 u - a potion of cancellation
 z - a potion of lignification
 A - a potion of brilliance
 F - 2 potions of heal wounds
 H - a potion of magic


   Skills:
 + Level 4.3 Fighting
 + Level 3.4 Dodging
 - Level 6.0 Stealth
 - Level 8.0 Unarmed Combat
 - Level 5.0 Spellcasting
 + Level 7.2 Transmutations
 - Level 3.0 Ice Magic
 - Level 3.0 Poison Magic
 - Level 3.0 Evocations


You had 9 spell levels left.
You knew the following spells:

 Your Spells              Type           Power      Damage    Failure   Level
a - Beastly Appendage     Tmut           66%        N/A       1%          1
b - Wereblood             Tmut           33%        N/A       1%          2
c - Spider Form           Tmut/Pois      25%        N/A       4%          3
d - Ice Form              Ice/Tmut       25%        N/A       14%         4

Your spell library contained the following spells:

 Spells                   Type           Power      Damage    Failure   Level
 Foxfire                  Conj/Fire      20%        2x1d5     12%         1
 Magic Dart               Conj           20%        1d4       12%         1
 Summon Small Mammal      Summ           20%        N/A       12%         1
 Call Imp                 Summ           5%         N/A       17%         2
 Mephitic Cloud           Conj/Pois/Air  9%         N/A       22%         3
 Call Canine Familiar     Summ           5%         N/A       34%         3
 Conjure Flame            Conj/Fire      5%         6-21      34%         3
 Gell's Gravitas          Tloc           5%         N/A       34%         3
 Inner Flame              Hex/Fire       5%         N/A       34%         3
 Lesser Beckoning         Tloc           5%         N/A       34%         3
 Summon Guardian Golem    Hex/Summ       5%         N/A       34%         3
 Teleport Other           Tloc           5%         N/A       34%         3
 Hailstorm                Conj/Ice       11%        3d5       52%         4
 Flame Wave               Conj/Fire      5%         2d5       75%         4
 Dispersal                Tloc           2%         N/A       100%        6
 Simulacrum               Ice/Necr       5%         N/A       100%        6
 Borgnjor's Revivificati  Necr           2%         N/A       100%        8
 Necromutation            Tmut/Necr      9%         N/A       100%        8
 Death's Door             Necr           2%         N/A       100%        9


Dungeon Overview and Level Annotations

Branches:
Dungeon (9/15)             Temple (1/1) D:7
   Lair: D:8-11         Orc: D:9-12

Altars:
Ashenzari
Cheibriados
Dithmenos
Elyvilon
Fedhas
Gozag
Hepliaklqana
Kikubaaqudgha
Nemelex Xobeh
Okawaru
Qazlal
Ru
Sif Muna
Trog
Uskayaw
Vehumet
Wu Jian
Xom
Yredelemnul
Zin
The Shining One

Shops:
D:1 =   D:2 :   D:6 (   D:8 !?!:(

Annotations:
D:2 Terence
D:4 2 transporters, GigaChad's ghost, amateur MiCK
D:6 1 runed translucent door, exclusion: door, Crazy Yiuf
D:9 exclusion: orange crystal statue


Innate Abilities, Weirdness & Mutations

You are a creature of crystalline ice.
You have a powerful freezing melee attack.
Your maximum health is increased.
Your armour is entirely melded.
You are incapable of wielding weapons or throwing items.
You cannot wear most types of armour.
You are amphibious.
You can wear up to eight rings at the same time.
((Your skin changes colour to match your surroundings (Stealth+).))
((Your rubbery body absorbs attacks. (AC +1, EV +1)))
((You are camouflaged when in or above water. (Stealth+)))
((You have tentacles for arms and can constrict up to eight enemies at once.))


Message History

The killer bee poisons you! The killer bee closely misses you.
The killer bee barely misses you.
You climb upwards.
You feel very sick.
There is a stone staircase leading down here.
You closely miss the killer bee.
You feel sick.
The killer bee stings you but does no damage.
The killer bee misses you. The killer bee stings you.
The killer bee stings you but does no damage.
The killer bee stings you.
You are more poisoned.
The killer bee poisons you!
The killer bee stings you but does no damage.
You punch the killer bee! You freeze the killer bee.
The killer bee is severely wounded.
You warm up again.
You feel sick. The killer bee barely misses you. The killer bee stings you!
You are more poisoned.
The killer bee poisons you! The killer bee stings you.
The killer bee stings you!
* * * LOW HITPOINT WARNING * * *
You feel better.
The killer bee stings you but does no damage.
The killer bee stings you!
* * * LOW HITPOINT WARNING * * *
The killer bee stings you.
* * * LOW HITPOINT WARNING * * *
The killer bee misses you. The killer bee stings you.
* * * LOW HITPOINT WARNING * * *
You are lethally poisoned!
The killer bee poisons you! The killer bee barely misses you.
Casting: Ice Form (dangerous; 14% risk of failure)
Confirm with . or Enter, or press ? or * to list all spells.
You turn into a creature of crystalline ice.
* * * LOW HITPOINT WARNING * * *
You feel sick. The killer bee barely misses you. The killer bee stings you.
* * * LOW HITPOINT WARNING * * *
The killer bee stings you!
You die...
Your body crumbles into a pile of gold.

########...#.........##..
#......#.....##########..
#..>.............######..
#..........#####.........
#..."...[..# ##########
#######....# ########
#....# ####....... #....#
#..<.######
#yYy.####.#####....
#y##......###...###
##.##.#####....###
##.....# #.#### #...####
#.# ###.#.# ###.### ####
##...#.######.....# #...
#..#........(.....###.##
#.....#######.....#.....


You could see 3 killer bees.

Vanquished Creatures
  A hydra (D:8)
  3 steam dragons (D:7)
  3 ice beasts
  4 necrophages (D:4)
  A sky beast (D:7)
  A centaur (D:8)
  A phantom (D:5)
  A kobold brigand (D:7)
  A gnoll sergeant (D:6)
  2 bullfrogs (D:8)
  A scorpion (D:4)
  A water moccasin zombie (D:5)
  A wyvern skeleton (D:6)
  A water moccasin skeleton (D:4)
  6 wights
  3 centaur zombies
  A human zombie (D:4)
  A jelly (D:4)
  2 hounds (D:5)
  2 orc priests
  2 bullfrog skeletons (D:6)
  A gnoll shaman (D:7)
  Natasha (thrice) (D:2)
  A centaur skeleton (D:6)
  5 iguanas
  5 orc wizards
  A hound skeleton (D:5)
  A mummy (D:4)
  11 adders
  7 gnolls
  A howler monkey skeleton (D:7)
  A shadow imp (D:5)
  An ufetubus (D:6)
  3 adder zombies (D:4)
  2 dart slugs
  16 orcs
  8 bats
  8 endoplasms
  2 giant cockroaches
  6 goblins
  2 hobgoblins
  3 jackals (D:5)
  5 quokkas
  8 ball pythons
  2 frilled lizards (D:2)
  6 kobolds
  A quokka skeleton (D:4)
  6 rats
155 creatures vanquished.

Notes
Turn   | Place    | Note
-------+----------+-------------------------------------------
     0 | D:1      | oldmanjim the Octopode Transmuter began the quest for the
                  | Orb.
     0 | D:1      | Reached XP level 1. HP: 13/13 MP: 3/3
   521 | D:1      | Found a faded altar of an unknown god.
   525 | D:1      | Reached XP level 2. HP: 16/18 MP: 5/5
   558 | D:1      | Reached skill level 1 in Stealth
   693 | D:1      | Found Fetet's One-of-a-Kind Rings.
   819 | D:1      | Learned a level 2 spell: Wereblood
  1051 | D:2      | Reached XP level 3. HP: 3/24 MP: 6/6
  1309 | D:2      | Found Mofoxyne's Book Boutique.
  1309 | D:2      | Noticed Natasha
  1664 | D:2      | Reached XP level 4. HP: 24/29 MP: 7/7
  1894 | D:2      | Noticed Terence
  1935 | D:2      | Killed Natasha
  1999 | D:2      | Noticed Natasha
  2011 | D:2      | Killed Natasha
  2012 | D:2      | Reached XP level 5. HP: 29/34 MP: 8/8
  2018 | D:2      | Learned a level 3 spell: Spider Form
  2259 | D:2      | Noticed Natasha
  2267 | D:2      | Killed Natasha
  2977 | D:3      | Reached skill level 1 in Poison Magic
  3290 | D:3      | Reached skill level 5 in Stealth
  3290 | D:3      | Reached XP level 6. HP: 37/39 MP: 9/9
  3603 | D:4      | Found a transporter.
  3619 | D:4      | Noticed GigaChad's ghost (amateur MiCK)
  4026 | D:4      | Found a transporter.
  4480 | D:4      | Reached XP level 7. HP: 29/46 MP: 10/10
  4598 | D:4      | Learned a level 4 spell: Ice Form
  4963 | D:4      | Reached skill level 1 in Ice Magic
  4986 | D:4      | Reached skill level 4 in Unarmed Combat
  4986 | D:4      | Reached skill level 5 in Transmutations
  5106 | D:4      | Found a basalt altar of Yredelemnul.
  5315 | D:4      | Reached XP level 8. HP: 44/52 MP: 12/12
  5670 | D:5      | Entered Level 5 of the Dungeon
  7146 | D:6      | Reached skill level 5 in Unarmed Combat
  7303 | D:6      | Reached XP level 9. HP: 52/56 MP: 15/15
  7400 | D:6      | Found a snail-covered altar of Cheibriados.
  7407 | D:6      | Found a shimmering altar of Xom.
  7412 | D:6      | Found a shadowy altar of Dithmenos.
  7701 | D:6      | Found Keroesui's Antique Weapon Shoppe.
  8048 | D:6      | Found a runed translucent door.
  8049 | D:6      | Noticed Crazy Yiuf
  8750 | D:7      | Reached skill level 6 in Unarmed Combat
  8810 | D:7      | Reached skill level 1 in Evocations
  9587 | D:7      | Found a staircase to the Ecumenical Temple.
  9593 | Temple   | Entered the Ecumenical Temple
  9608 | Temple   | Became a worshipper of Gozag Ym Sagoz the Greedy
  9994 | D:8      | Found Wizoeff's Distillery.
 10004 | D:8      | Bought a potion of heal wounds for 60 gold pieces
 10208 | D:8      | Found Eloriota's Magic Scroll Shop.
 10698 | D:8      | Found Urhuobb's Antique Weapon Shop.
 10705 | D:8      | Found Xutteof's Book Shop.
 10826 | D:8      | Reached skill level 5 in Spellcasting
 10930 | D:8      | Found a bloodstained altar of Trog.
 10938 | D:8      | Reached skill level 7 in Unarmed Combat
 11084 | D:8      | Bought a scroll of fear for 49 gold pieces
 11084 | D:8      | Bought a scroll of identify for 28 gold pieces
 11084 | D:8      | Bought a scroll of identify for 28 gold pieces
 11084 | D:8      | Bought a scroll of immolation for 49 gold pieces
 11154 | D:8      | Noticed a five-headed hydra
 11162 | D:8      | Killed a five-headed hydra
 11163 | D:8      | Reached skill level 8 in Unarmed Combat
 11163 | D:8      | Reached XP level 10. HP: 65/65 MP: 17/17
 11195 | D:8      | Found Ismosun's Distillery.
 11261 | D:9      | Found an ancient bone altar of Kikubaaqudgha.
 11319 | D:9      | Noticed an orange crystal statue
 11373 | D:8      | Slain by a killer bee

Illustrated notes

Levels and vault maps discovered:
D:1:      minmay_arrival_split_and_join, layout_basic,
          hellmonk_ecumenical_altar_arch_garden, nicolae_shop_unique_rings
D:2:      layout_basic, serial_glass, glass_columns_b, glass_columns_c,
          serial_shops, nicolae_diamond_shop, patterned_corridor, uniq_terence,
          uniq_natasha
D:3:      layout_loops_cross, minmay_pentangle
D:4:      layout_cave_pools, lemuel_mausoleum_altar_yredelemnul,
          gammafunk_ghost_stat_death
D:5:      layout_loops_ring, minmay_splitting_lines, serial_bayou_pond_e,
          grunt_ministairs_6
D:6:      layout_loops_ring, minmay_overflow_temple_star_quad, serial_shops,
          shop, uniq_crazy_yiuf_cottage
D:7:      layout_basic, temple_statues
D:8:      layout_rooms, kennysheep_little_box, serial_shops,
          nicolae_square_shop, shop, nicolae_shop_window_shopping,
          nicolae_shop_window_shopping, shop
D:9:      layout_loops_cross, kennysheep_mini,
          nicolae_kikubaaqudgha_miasma_corner, special_room [special_room_bee],
          minmay_protected_statue
Temple:   nicolae_temple_no_exploring_needed

Skill      XL: |  1  2  3  4  5  6  7  8  9 |
---------------+----------------------------+-----
Stealth        | 2 3 4 5 6 |  6.0
Fighting       | 2 3 4 |  4.3
Transmutations | 3 4 5 7 |  7.2
Poison Magic   | 1 3 |  3.0
Ice Magic      | 3 |  3.0
Unarmed Combat | 4 5 8 |  8.0
Dodging        | 3 |  3.4
Spellcasting   | 4 5 |  5.0
Evocations     | 3 |  3.0

Action                   |  1- 3 |  4- 6 |  7- 9 | 10-12 || total
-------------------------+-------+-------+-------+-------++-------
Melee: Unarmed           |    49 |    93 |   263 |     2 ||   407
       Kick              |    18 |    15 |     4 |       ||    37
       Constrict         |    12 |    17 |     6 |       ||    35
       Tentacles         |     7 |    17 |     8 |       ||    32
       Punch             |       |     5 |     3 |       ||     8
 Cast: Beastly Appendage |    18 |    23 |     7 |       ||    48
       Wereblood         |     1 |       |       |       ||     1
       Spider Form       |       |     6 |    32 |       ||    38
       Ice Form          |       |       |    11 |     2 ||    13
Evoke: Wand              |       |       |     6 |       ||     6
  Use: Scroll            |       |     5 |     6 |       ||    11
       Potion            |       |       |     2 |     1 ||     3
 Stab: Sleeping          |     4 |     6 |    19 |       ||    29
Armor: Skin              |     1 |    10 |    22 |     7 ||    40
Dodge: Dodged            |    33 |    50 |   215 |    28 ||   326
